 Dungeon Crawl Stone Soup version 0.24.1 (webtiles) character file.

Game seed: 6808418700588702362, levelgen mode: deterministic

11041 Kaiern the Thaumaturge (level 11, -5/56 HPs)
             Began as a Deep Elf Fire Elementalist on Mar 29, 2020.
             Was an Elder of Sif Muna.
             Slain by a red ugly thing (10 damage)
             ... on level 11 of the Dungeon.
             The game lasted 01:49:26 (19423 turns).

Kaiern the Thaumaturge (DEFE)                      Turns: 19423, Time: 01:49:26

Health: -5/56      AC:  6    Str:  5    XL:     11   Next: 44%
Magic:  19/29      EV: 16    Int: 30    God:    Sif Muna [****..]
Gold:   629        SH:  6    Dex: 18    Spells: 18/34 levels left

rFire    . . .     SeeInvis .   a - +3 whip (venom)
rCold    + . .     Gourm    .   e - +1 buckler
rNeg     . . .     Faith    .   r - +1 leather armour {rC+}
rPois    .         Spirit   .   (no helmet)
rElec    .         Reflect  .   G - scarf {cloud immunity}
rCorr    .         Harm     .   t - +0 pair of gloves
MR       +....                  l - +0 pair of boots
Stlth    +++.......             (no amulet)
HPRegen  0.18/turn              E - +6 ring of intelligence
MPRegen  0.21/turn              q - +3 ring of dexterity

@: no status effects
A: no striking features
a: Channel Magic, Forget Spell, Divine Exegesis, Renounce Religion


You were on level 11 of the Dungeon.
You worshipped Sif Muna.
Sif Muna was greatly pleased with you.
You were very hungry.

You visited 2 branches of the dungeon, and saw 12 of its levels.

You collected 803 gold pieces.
You spent 174 gold pieces at shops.

Inventory:

Hand Weapons
 a - a +3 whip of venom (weapon)
Missiles
 i - 44 poisoned darts (quivered)
Armour
 e - a +1 buckler (worn)
 h - a +0 leather armour of poison resistance
 l - a +0 pair of boots (worn)
 r - a +1 leather armour of cold resistance (worn)
 t - a +0 pair of gloves (worn)
 u - a +0 cloak
 y - a +3 leather armour
 C - a +0 helmet
 G - a scarf of cloud immunity (worn)
Jewellery
 m - an uncursed ring of flight
 q - a +3 ring of dexterity (right hand)
 v - an uncursed amulet of faith
 B - an uncursed ring of ice
 E - a +6 ring of intelligence (left hand)
Wands
 n - a wand of paralysis (13)
 p - a wand of random effects (13)
 A - a wand of disintegration (17)
 D - a wand of flame (22)
 J - a wand of iceblast (9)
Scrolls
 b - 8 scrolls of remove curse
 d - a scroll of blinking
 w - a scroll of teleportation
 I - a scroll of identify
Potions
 f - 6 potions of degeneration
 g - 4 potions of might
 j - a potion of brilliance
 k - a potion of agility
 o - 4 potions of lignification
 s - 4 potions of invisibility
 x - 2 potions of heal wounds
 z - a potion of haste {unknown}
 H - a potion of mutation {unknown}
Miscellaneous
 F - a box of beasts
Comestibles
 c - 13 rations


   Skills:
 + Level 1.4 Fighting
 - Level 2.1 Armour
 + Level 7.0 Dodging
 - Level 5.0 Stealth
 + Level 3.6 Shields
 - Level 12.4 Spellcasting
 - Level 10.3 Conjurations
 - Level 10.0 Fire Magic
 - Level 2.0 Evocations


You had 18 spell levels left.
You knew the following spells:

 Your Spells              Type           Power        Failure   Level  Hunger
a - Flame Tongue          Conj/Fire      #####        1%          1    None
b - Throw Flame           Conj/Fire      ######       1%          2    None
c - Conjure Flame         Conj/Fire      ######..     1%          3    None
d - Fireball              Conj/Fire      ######....   1%          5    ##.....
e - Mephitic Cloud        Conj/Pois/Air  #####...     3%          3    None
f - Blink                 Tloc           N/A          7%          2    None

Your spell library contained the following spells:

 Spells                   Type           Power        Failure   Level  Hunger
 Magic Dart               Conj           ####         1%          1    None
 Inner Flame              Hex/Fire       #####...     1%          3    None
 Sticky Flame             Conj/Fire      ######..     1%          4    None
 Animate Skeleton         Necr           N/A          4%          1    None
 Apportation              Tloc           ###...       4%          1    None
 Confusing Touch          Hex            ###...       4%          1    None
 Summon Butterflies       Summ           ###.....     4%          1    None
 Summon Small Mammal      Summ           ###.         4%          1    None
 Call Imp                 Summ           ###.....     7%          2    None
 Slow                     Hex            ###.....     7%          2    None
 Lesser Beckoning         Tloc           ###.......   14%         3    None
 Tukima's Dance           Hex            ###.....     14%         3    None
 Alistair's Intoxication  Tmut/Pois      ###.....     77%         5    ##.....
 Invisibility             Hex            ###.....     100%        6    ####...


Dungeon Overview and Level Annotations

Branches:
Dungeon (11/15)            Temple (1/1) D:5            Lair (0/6) D:8
    Orc: D:9-12

Altars:
Ashenzari
Cheibriados
Dithmenos
Elyvilon
Fedhas
Gozag
Hepliaklqana
Kikubaaqudgha
Makhleb
Nemelex Xobeh
Okawaru
Ru
Sif Muna
Trog
Uskayaw
Vehumet
Wu Jian
Xom
Yredelemnul
Zin
The Shining One
Beogh

Shops:
D:5 ?:   D:6 (   D:9 [

Annotations:
D:6 Sigmund


Message History

Aiming: Flame Tongue (safe; 1% risk of failure)
Press: ? - help, Shift-Dir - straight line, f/p - red ugly thing
Aim: a red ugly thing (moderately wounded)
The flame tongue hits the red ugly thing.
The red ugly thing resists.
The red ugly thing is moderately wounded.
The red ugly thing headbutts you!
You are engulfed in flames!
Casting: Flame Tongue (safe; 1% risk of failure)
Confirm with . or Enter, or press ? or * to list all spells.
Aiming: Flame Tongue (safe; 1% risk of failure)
Press: ? - help, Shift-Dir - straight line, f/p - red ugly thing
Aim: a red ugly thing (moderately wounded)
The flame tongue hits the red ugly thing.
The red ugly thing resists.
The red ugly thing is heavily wounded.
The red ugly thing headbutts you!
You are engulfed in flames!!
* * * LOW HITPOINT WARNING * * *
There is an open door here.
The red ugly thing headbutts you!
You die...

#.........#
#.........#
#####.##### #.# ###.#
# ###### #...# ###.###
.....# ##'####
####....... .....#
#.....######......=...
.....#
#....@u.†....##.......
.....# #.Y...########
....... .....#####
#.....# .......
.....'...###.....#
.......
.....###...'.....#
....... .....#
#####...[.# .......
###### #.....# .......
..## ###'### .. #..#
#.# #.##


You could see a red ugly thing and a sky beast (wandering).

Vanquished Creatures
  A hydra (D:11)
  2 two-headed ogres
  An ugly thing (D:11)
  2 trolls (D:10)
  A hornet (D:10)
  2 hippogriffs
  2 wyverns (D:8)
  A wraith (D:9)
  10 yaks
  A steam dragon (D:8)
  A basilisk (D:8)
  A hungry ghost (D:8)
  A soldier ant (D:11)
  4 orc warriors
  3 ogres
  2 ice beasts
  A black bear (D:10)
  2 phantoms (D:7)
  3 sky beasts
  2 centaurs
  2 crocodiles (D:8)
  3 big kobolds
  4 bullfrogs
  4 scorpions
  4 killer bees (D:11)
  10 wights
  A howler monkey (D:10)
  4 crimson imps
  2 centaur zombies
  3 hounds
  2 jellies
  2 centaur skeletons
  6 gnoll shamans (D:3)
  5 orc priests
  A bullfrog skeleton (D:6)
  Jessica (D:3)
  2 iguanas
  14 orc wizards
  9 worker ants
  A hound zombie (D:10)
  33 gnolls
  A howler monkey zombie (D:7)
  11 adders
  A shadow imp (D:9)
  An adder zombie (D:7)
  An adder skeleton (D:7)
  5 dart slugs
  3 leopard geckos
  73 orcs
  3 giant cockroaches
  8 goblins
  2 hobgoblins
  24 jackals
  5 quokkas
  2 ball pythons
  A ball python zombie (D:5)
  4 bats
  7 frilled lizards
  A jackal skeleton (D:8)
  13 kobolds
  A quokka skeleton (D:6)
  9 rats
332 creatures vanquished.

Notes
Turn   | Place    | Note
-------+----------+-------------------------------------------
     0 | D:1      | Kaiern the Deep Elf Fire Elementalist began the quest for
                  | the Orb.
     0 | D:1      | Reached XP level 1. HP: 10/10 MP: 6/6
   318 | D:1      | Reached XP level 2. HP: 15/15 MP: 5/8
   322 | D:1      | Learned a level 2 spell: Throw Flame
  1136 | D:2      | Found an ornate altar of the Wu Jian Council.
  1138 | D:2      | Reached XP level 3. HP: 19/19 MP: 5/10
  2423 | D:3      | Reached XP level 4. HP: 24/24 MP: 6/11
  3171 | D:3      | Learned a level 3 spell: Conjure Flame
  3311 | D:3      | Reached skill level 4 in Spellcasting
  3416 | D:3      | Reached skill level 5 in Fire Magic
  3741 | D:3      | Reached XP level 5. HP: 28/28 MP: 7/13
  3922 | D:3      | Noticed an ogre
  3955 | D:3      | Killed an ogre
  3955 | D:3      | Reached XP level 6. HP: 14/32 MP: 2/14
  4538 | D:3      | Reached skill level 5 in Spellcasting
  4890 | D:3      | Reached XP level 7. HP: 36/36 MP: 7/16
  5647 | D:3      | Noticed Jessica
  5651 | D:3      | Killed Jessica
  6237 | D:4      | Learned a level 5 spell: Fireball
  6444 | D:4      | Reached skill level 5 in Dodging
  6587 | D:4      | Reached skill level 6 in Spellcasting
  7171 | D:4      | Reached XP level 8. HP: 41/41 MP: 16/19
  8181 | D:5      | Entered Level 5 of the Dungeon
  8266 | D:5      | Found Qovauhot's Book Emporium.
  8267 | D:5      | Found a staircase to the Ecumenical Temple.
  8278 | Temple   | Entered the Ecumenical Temple
  8473 | Temple   | Became a worshipper of Sif Muna the Loreminder
  8668 | D:5      | Found Exeabb's Magic Scroll Shop.
  8674 | D:5      | Bought a scroll of identify for 22 gold pieces
  8674 | D:5      | Bought a scroll of identify for 22 gold pieces
  9081 | D:6      | Found a shadowy altar of Dithmenos.
  9081 | D:6      | Noticed Sigmund
  9157 | D:6      | Found Zifyqo's Weapon Emporium.
  9507 | D:6      | Found a shattered altar of Ashenzari.
  9782 | D:7      | Found an opulent altar of Gozag.
  9947 | D:7      | Reached skill level 7 in Spellcasting
  9947 | D:7      | Reached skill level 5 in Conjurations
 10314 | D:6      | Reached * piety under Sif Muna
 10728 | D:7      | Noticed a hippogriff
 10741 | D:7      | Killed a hippogriff
 10741 | D:7      | Reached skill level 5 in Stealth
 10741 | D:7      | Reached XP level 9. HP: 29/45 MP: 3/22
 11113 | D:8      | Found a shimmering altar of Xom.
 11220 | D:8      | Reached skill level 8 in Spellcasting
 11263 | D:8      | Found a white marble altar of Elyvilon.
 11345 | D:8      | Reached ** piety under Sif Muna
 11743 | D:8      | Found a roughly hewn altar of Beogh.
 11790 | D:8      | Noticed a two-headed ogre
 11800 | D:8      | Killed a two-headed ogre
 11800 | D:8      | Reached skill level 9 in Spellcasting
 11943 | D:8      | Found a sacrificial altar of Ru.
 12276 | D:8      | Reached skill level 10 in Fire Magic
 12933 | D:7      | Paralysed by a kobold for 3 turns
 13043 | D:6      | Reached skill level 10 in Spellcasting
 13565 | D:6      | Reached XP level 10. HP: 45/50 MP: 21/26
 14221 | D:7      | Found a burning altar of Makhleb.
 14221 | D:7      | Found a glowing silver altar of Zin.
 14222 | D:7      | Found a snail-covered altar of Cheibriados.
 14705 | D:8      | Reached skill level 1 in Shields
 14808 | D:8      | Found a staircase to the Lair.
 14884 | D:9      | Found Niuvoag's Antique Armour Shoppe.
 14892 | D:9      | Bought a runed leather armour for 130 gold pieces
 15600 | D:9      | Reached *** piety under Sif Muna
 15997 | D:9      | Learned a level 3 spell: Mephitic Cloud
 16000 | D:9      | Learned a level 2 spell: Blink
 16032 | D:10     | Entered Level 10 of the Dungeon
 16036 | D:10     | Reached skill level 11 in Spellcasting
 16195 | D:10     | Noticed a two-headed ogre
 16754 | D:9      | Killed a two-headed ogre
 16754 | D:9      | Reached skill level 12 in Spellcasting
 16982 | D:10     | Reached skill level 10 in Conjurations
 17374 | D:10     | Reached XP level 11. HP: 51/54 MP: 21/29
 17604 | D:10     | Reached skill level 1 in Evocations
 17820 | D:10     | Reached skill level 1 in Armour
 17830 | D:10     | Reached **** piety under Sif Muna
 18468 | D:11     | Found a sparkling altar of Nemelex Xobeh.
 18470 | D:11     | Found an ancient bone altar of Kikubaaqudgha.
 18470 | D:11     | Found a glowing golden altar of the Shining One.
 18472 | D:11     | Found a sparkling altar of Nemelex Xobeh.
 18472 | D:11     | Found a shimmering altar of Xom.
 18472 | D:11     | Found a shimmering blue altar of Sif Muna.
 18523 | D:11     | Noticed a purple ugly thing
 18532 | D:11     | Killed a purple ugly thing
 18666 | D:11     | Noticed a five-headed hydra
 18671 | D:11     | Killed a five-headed hydra
 18671 | D:11     | Reached skill level 1 in Fighting
 19402 | D:11     | Noticed a red ugly thing
 19423 | D:11     | Slain by a red ugly thing

Levels and vault maps discovered:
D:1:      minmay_arrival_checkered_box, layout_loops_ring
D:2:      kb_forest_paths, layout_loops_ring, nicolae_overflow_crystal_walls
D:3:      lemuel_castle_with_subvaults [lemuel_castle_interior_carwin_2],
          layout_loops_cross, kennysheep_jessica_study
D:4:      layout_loops_corners, columned_hall_lemuel
D:5:      layout_cave_pools, temple_fountains, serial_shops, shop, shop,
          first_ration
D:6:      layout_basic, kennysheep_mini_moat, lemuel_doored_altar, serial_shops,
          shop, minmay_misc_feat_tiny, nicolae_benzene_ring,
          minmay_misc_feat_secret_circle, grunt_dithmenos_smoke, uniq_sigmund
D:7:      layout_loops_ring, lemuel_crystal_altar,
          gammafunk_temple_overflow_claw
D:8:      layout_rooms, old_standard_altar,
          chequers_temple_overflow_statue_of_worship, erik_lair_dragon,
          special_room [special_room_orc]
D:9:      layout_irregular_city, serial_shops, nicolae_shop_overgrown_old_shop,
          blue_anna_alchemist [blue_anna_fruit_fields, blue_anna_fruit_fields]
D:10:     layout_rooms
D:11:     layout_roguey, doesnt_xom_only_xom
Temple:   minmay_temple_bridge_abc

Skill      XL: |  1  2  3  4  5  6  7  8  9 10 11 |
---------------+----------------------------------+-----
Fire Magic     | 4 5 6 7 8 10 | 10.0
Spellcasting   | 4 5 6 7 10 12 | 12.4
Dodging        | 3 4 5 7 |  7.0
Conjurations   | 2 3 4 5 7 10 | 10.3
Stealth        | 5 |  5.0
Shields        | 2 3 |  3.6
Evocations     | 2 |  2.0
Armour         | 2 |  2.1
Fighting       | 1 |  1.4

Action                   |  1- 3 |  4- 6 |  7- 9 | 10-12 || total
-------------------------+-------+-------+-------+-------++-------
Melee: Whip              |       |       |    96 |    53 ||   149
Throw: Dart              |       |       |    12 |     3 ||    15
 Cast: Flame Tongue      |    51 |    82 |   327 |   161 ||   621
       Throw Flame       |    19 |    50 |   108 |   108 ||   285
       Conjure Flame     |       |     6 |    27 |    13 ||    46
       Fireball          |       |       |       |    32 ||    32
       Mephitic Cloud    |       |       |       |     1 ||     1
  Use: Scroll            |       |       |    18 |     9 ||    27
  Eat: Chunk             |     5 |     2 |    12 |     4 ||    23
       Ration            |       |     2 |     5 |     4 ||    11
Armor: Robe              |     4 |       |       |       ||     4
       Leather armour    |       |     4 |    59 |    21 ||    84
Dodge: Dodged            |    17 |    25 |   156 |    65 ||   263
Block: Buckler           |       |       |    29 |    23 ||    52
